Map: Amygdala

Players

VITRyung (Ryung)

  • Race: Terran Terran
  • Spawn Location: 1:00

Serral - Winner!

  • Race: Zerg Zerg
  • League: Master
  • Spawn Location: 7:00

Event: HomeStory Cup XXVI

VOD

Have the link to the VOD?

Description

Time

  • Played on: Nov. 30, 2024, 4:56 p.m.
  • Length: 5:00

All games in this series

Show
View Real Time Build Order
Export as new Build Order

VITRyung Terran 

Build Orders:  

Get SALT Encoding   

  12  0:00  SCV  
  13  0:12  SCV  
  14  0:18  Supply Depot  
  14  0:24  SCV  
  15  0:40  Barracks  
  15  0:52  Barracks  
  15  1:05  Barracks  
  15  1:09  SCV  
  16  1:21  SCV  
  17  1:27  Marine  
  18  1:33  Orbital Command  
  18  1:39  Supply Depot  
  18  1:40  Marine  
  18  1:45  Marine  
  20  1:52  Marine  
  21  1:56  Bunker  
  21  1:59  Marine  
  22  2:06  Bunker  
  22  2:07  SCV  
  22  2:08  Marine  
  24  2:16  Marine  
  24  2:17  Marine  
  25  2:24  Bunker  
  25  2:26  Marine  
  25  2:29  SCV  
  27  2:34  Marine  
  27  2:35  Supply Depot, Marine  
  27  2:44  Marine  
  27  2:49  SCV  
  26  2:51  Marine  
  26  2:59  Marine  
  26  3:02  Marine  
  28  3:11  Command Center  
  29  3:17  SCV  
  29  3:29  SCV  
  29  3:31  Command Center  
  29  3:42  Marine  
  30  3:55  Marine x2  
  32  3:59  Marine  
  33  4:12  Marine  
  33  4:13  Marine  
  35  4:20  Marine  
  36  4:30  Marine x2  
Show
View Real Time Build Order
Export as new Build Order

Serral Zerg - Winner!

Build Orders: Hatch First 

Get SALT Encoding   

  12  0:00  Drone  
  13  0:11  Overlord  
  13  0:17  Drone  
  14  0:30  Drone x2  
  16  0:45  Hatchery  
  16  0:48  Drone  
  16  0:52  Drone  
  16  0:55  Drone  
  18  1:06  Extractor  
  18  1:10  Spawning Pool  
  16  1:13  Drone  
  16  1:17  Drone  
  18  1:27  Drone  
  19  1:38  Drone  
  20  1:56  Queen  
  20  1:57  Queen  
  20  1:58  Zergling x4  
  26  2:08  Zergling x4  
  28  2:21  Zergling x2  
  26  2:25  Zergling x2  
  27  2:36  Zergling x2  
  27  2:54  Zergling x2  
  27  2:56  Overlord  
  28  2:59  Overlord  
  28  3:13  Metabolic Boost  
  28  3:15  Zergling x10  
  33  3:23  Queen  
  33  3:26  Zergling x2  
  35  3:35  Drone x2  
  35  3:40  Drone x2  
  39  3:46  Drone x2  
  41  3:49  Drone  
  42  3:56  Drone  
  42  3:58  Overlord  
  43  4:06  Drone  
  44  4:11  Overlord  
  43  4:17  Zergling x8  
  43  4:23  Zergling x6  
  50  4:31  Zergling x4  
Tags
 
Add a new tag
Caveats
  • Supply blocks, unpowered buildings, or Contaminate may cause inaccurate times.
  • Supply counts are checked every 10 seconds.